 Seeded DCSS version 0.29.1-15-g9cfb28693d (webtiles) character file.

Game seed: 15235564686350744701 (custom seed)

4771 Mickster the Nimble (level 10, 0/98 HPs)
             Began as a Troll Berserker on Apr 6, 2023.
             Was an Elder of Trog.
             Slain by a two-headed ogre
             ... wielding a +0 giant club
              (7 damage)
             ... on level 8 of the Dungeon on Apr 7, 2023.
             The game lasted 01:13:35 (4969 turns).

Mickster the Nimble (Troll Berserker)               Turns: 4969, Time: 01:13:35

Health: 0/98       AC:  9    Str: 27    XL:     10   Next: 23%
Magic:  9/9        EV: 12    Int:  5    God:    Trog [****..]
Gold:   100        SH:  0    Dex: 11    Spells: 9/9 levels left

rFire   . . .      SeeInvis +   G - +7 long sword "Gebiruu" {vamp, Contam rC++ Will+ rCorr}
rCold   + + .      Faith    +   (no shield)
rNeg    . . .      Spirit   .   b - +0 animal skin
rPois   +          Reflect  .   (helmet restricted)
rElec   .          Harm     .   l - +1 cloak
rCorr   +          Rampage  .   (gloves unavailable)
Will    +....                   (boots unavailable)
Stlth   +.........              o - amulet of faith
HPRegen 1.06/turn               m - +4 ring of protection
MPRegen 0.11/turn               p - ring of see invisible

@: no status effects
A: large, unfitting armour, claws 3, regeneration 1, shaggy fur 1, tough skin 1,
talons 1, deformed body, poison resistance
a: Renounce Religion, Berserk, Trog's Hand, Brothers in Arms


You were on level 8 of the Dungeon.
You worshipped Trog.
Trog was greatly pleased with you.
You visited 1 branch of the dungeon, and saw 8 of its levels.

You collected 363 gold pieces.
You spent 263 gold pieces at shops.

Inventory:

Hand Weapons
 a - a +1 mace
 k - a +0 dagger of electrocution
 n - a +0 war axe
 r - a +0 long sword
 u - a +0 rapier
 v - a +2 whip of electrocution
 w - a +3 short sword
 C - a +1 dagger of venom
 G - the +7 long sword "Gebiruu" (weapon) {vamp, Contam rC++ Will+ rCorr}
   (You bought it in a shop on level 5 of the Dungeon)

   It occasionally heals its wielder for a portion of the damage dealt when it
   wounds a living foe.
   rC:        It greatly protects you from cold.
   Contam:    It causes magical contamination when unequipped.
   rCorr:     It protects you from acid and corrosion.
   Will:      It increases your willpower.
Missiles
 e - 10 boomerangs (quivered)
 f - 68 stones
 g - 6 datura-tipped darts
 h - 3 atropa-tipped darts
 i - 3 silver javelins
 t - 3 javelins
 x - 10 poisoned darts
Armour
 b - a +0 animal skin (worn)
 j - a +2 robe of the Archmagi
 l - a +1 cloak (worn)
 s - a +1 pair of boots
Jewellery
 m - a +4 ring of protection (left claw)
 o - an amulet of faith (around neck)
 p - a ring of see invisible (right claw)
 y - a ring of ice
Scrolls
 q - 10 scrolls of identify
 B - a scroll of poison
 H - a scroll of enchant weapon
Potions
 c - 4 potions of berserk rage
 d - a potion of attraction {unknown}
 z - a potion of curing {unknown}
 D - a potion of heal wounds
 F - 2 potions of haste


   Skills:
 + Level 6.0 Fighting
 - Level 4.0(4.2) Short Blades
 * Level 2.1(3.3) Long Blades
 - Level 7.8 Maces & Flails
 + Level 1.1 Throwing
 + Level 8.0 Dodging
 + Level 0.9 Stealth


You had 9 spell levels left.
You didn't know any spells.
Your spell library was empty.

Dungeon Overview and Level Annotations

Branches:
Dungeon (8/15)             Temple (0/1) D:4
   Lair: D:8-11

Altars:
Elyvilon
Okawaru
Trog

Shops:
D:5 =*

Annotations:
D:5 2 transporters
D:6 croobank's ghost, novice DsFE


Innate Abilities, Weirdness & Mutations

You are too large for most types of armour.
You have claws for hands.
Your natural rate of healing is unusually fast.
You are covered in fur. (AC +1)
You have tough skin. (AC +1)
You have sharp toenails.
Armour fits poorly on your strangely shaped body.
Your system is resistant to poisons. (rPois)


Message History

You kill the bullfrog!
Trog accepts your kill.
Your base Long Blades skill increases to level 2!
Found a club.
You see here a bullfrog corpse.
Found a stone staircase leading down.
The two-headed ogre closely misses you.
The two-headed ogre hits you with a +0 giant club.
You barely miss the two-headed ogre. Your kick misses the two-headed ogre.
The two-headed ogre closely misses you. x2
You hit the two-headed ogre but do no damage.
You claw the two-headed ogre, but do no damage.
The two-headed ogre barely misses you.
The two-headed ogre hits you with a +0 giant club!
You slash the two-headed ogre!
You feel better.
You claw the two-headed ogre!
The two-headed ogre is moderately wounded.
You hit the two-headed ogre.
You feel better.
You claw the two-headed ogre.
The two-headed ogre is moderately wounded.
The two-headed ogre barely misses you.
The two-headed ogre hits you with a +0 giant club!
You hit the two-headed ogre but do no damage.
You claw the two-headed ogre.
The two-headed ogre is heavily wounded.
The two-headed ogre completely misses you.
The two-headed ogre hits you with a +0 giant club!!
You slash the two-headed ogre! You claw the two-headed ogre.
The two-headed ogre is severely wounded.
The two-headed ogre hits you with a +0 giant club!!
The two-headed ogre hits you with a +0 giant club!
You barely miss the two-headed ogre. You claw the two-headed ogre.
The two-headed ogre is severely wounded.
The two-headed ogre hits you with a +0 giant club!!
* * * LOW HITPOINT WARNING * * *
The two-headed ogre hits you with a +0 giant club!
* * * LOW HITPOINT WARNING * * *
You hit the two-headed ogre.
The two-headed ogre is severely wounded.
You slash the two-headed ogre!
You feel better.
The two-headed ogre is almost dead.
The two-headed ogre hits you with a +0 giant club!
You die...

... ...# #. ..# # #. ..##
.# # ...##.### #.......>
#........##### ##
##O...........####.
#†@.......###..#...
###'#####)..........#
######≈≈.§≈# ###.......
#....#≈...≈### ##.###...
#....'.._..'.#####..)[...#
#...##≈..§§#.......)######
#.. #≈≈.§≈#######)## #.
###+### #...# # #.###


You could see a two-headed ogre.

Vanquished Creatures
  A two-headed ogre (D:7)
  A hornet (D:8)
  A slime creature (D:7)
  A wyvern (D:7)
  2 water moccasins (D:7)
  A sky beast (D:7)
  An orc warrior (D:8)
  2 ice beasts (D:7)
  A black bear (D:7)
  2 ogres
  3 phantoms
  A kobold brigand (D:7)
  3 bullfrogs
  A scorpion (D:7)
  A gnoll sergeant (D:6)
  4 wights (D:8)
  A killer bee (D:7)
  A howler monkey (D:7)
  6 hounds
  2 orc priests
  A jelly (D:4)
  3 iguanas
  8 orc wizards
  5 gnolls
  7 adders
  8 river rats (D:5)
  2 shadow imps (D:6)
  2 white imps
  An ufetubus (D:7)
  3 worms
  3 dart slugs
  25 orcs
  6 endoplasms
  A giant cockroach (D:1)
  6 goblins
  4 hobgoblins
  9 quokkas
  6 ball pythons
  8 bats
  3 frilled lizards
  A kobold (D:4)
  12 rats
160 creatures vanquished.

Vanquished Creatures (collateral kills)
  A two-headed ogre (D:7)
  A troll (D:7)
  A wyvern (D:7)
  A kobold brigand (D:7)
  An orc priest (D:7)
  An orc wizard (D:7)
  2 shadow imps (D:7)
  An orc (D:7)
9 creatures vanquished.

Vanquished Creatures (others)
  2 rats (D:5)
  6 plants (D:5)
8 creatures vanquished.

Grand Total: 177 creatures vanquished

Notes
Turn   | Place    | Note
-------+----------+-------------------------------------------
     0 | D:1      | Mickster the Troll Berserker began the quest for the Orb.
     0 | D:1      | Reached XP level 1. HP: 22/22 MP: 0/0
   321 | D:1      | Reached XP level 2. HP: 29/29 MP: 1/1
   697 | D:2      | Reached XP level 3. HP: 31/36 MP: 2/2
   856 | D:2      | Reached ** piety under Trog
  1529 | D:3      | Found a faded altar of an unknown god.
  1731 | D:4      | Noticed an ogre
  1737 | D:4      | Killed an ogre
  1738 | D:4      | Reached skill level 1 in Short Blades
  1738 | D:4      | Reached skill level 3 in Dodging
  1738 | D:4      | Reached XP level 4. HP: 32/45 MP: 3/3
  1738 | D:4      | Reached XP level 5. HP: 38/53 MP: 4/4
  1971 | D:4      | Found a staircase to the Ecumenical Temple.
  2283 | D:5      | Entered Level 5 of the Dungeon
  2300 | D:5      | Reached skill level 4 in Dodging
  2300 | D:5      | Reached XP level 6. HP: 61/61 MP: 5/5
  2406 | D:5      | Found Ejullayschu's Assorted Antiques.
  2496 | D:5      | Found Xeqets's Jewellery Shoppe.
  2526 | D:5      | Found a transporter.
  2527 | D:5      | Found a transporter.
  2585 | D:5      | Identified the +2 trident of the Extremely Mad {elec, rC+
                  | Str-4 Dex+4 SInv}
  2750 | D:5      | Reached *** piety under Trog
  2865 | D:5      | Reached XP level 7. HP: 67/67 MP: 6/6
  3230 | D:6      | Reached skill level 5 in Dodging
  3302 | D:6      | Reached skill level 1 in Throwing
  3527 | D:6      | Noticed croobank's ghost (novice DsFE)
  3604 | D:6      | Reached XP level 8. HP: 78/78 MP: 7/7
  3802 | D:7      | Reached skill level 6 in Dodging
  3827 | D:7      | Found a bloodstained altar of Trog.
  3827 | D:7      | Found an iron altar of Okawaru.
  3876 | D:7      | Reached **** piety under Trog
  3934 | D:7      | Gained mutation: Your system is resistant to poisons.
                  | (rPois) [potion of mutation]
  3934 | D:7      | Gained mutation: You have sharp toenails. [potion of
                  | mutation]
  3934 | D:7      | Gained mutation: Armour fits poorly on your strangely
                  | shaped body. [potion of mutation]
  4039 | D:7      | Noticed a two-headed ogre
  4044 | D:7      | Killed a two-headed ogre
  4045 | D:7      | Reached skill level 5 in Fighting
  4045 | D:7      | Reached skill level 5 in Maces & Flails
  4045 | D:7      | Reached XP level 9. HP: 88/88 MP: 8/8
  4187 | D:7      | Reached skill level 7 in Dodging
  4193 | D:7      | Noticed a troll
  4211 | D:7      | Noticed a two-headed ogre
  4221 | D:7      | Killed a two-headed ogre
  4225 | D:7      | Killed a troll
  4252 | D:7      | Reached XP level 10. HP: 85/98 MP: 9/9
  4734 | D:5      | Bought an ichor-stained long sword for 263 gold pieces
  4734 | D:5      | Identified the +7 long sword "Gebiruu" {vamp, Contam rC++
                  | Will+ rCorr} (You bought it in a shop on level 5 of the
                  | Dungeon)
  4905 | D:8      | Reached skill level 1 in Long Blades
  4926 | D:8      | Reached skill level 8 in Dodging
  4941 | D:8      | Found a white marble altar of Elyvilon.
  4957 | D:8      | Noticed a two-headed ogre
  4967 | D:8      | HP: 2/98 [two-headed ogre/+0 giant club (7)]
  4969 | D:8      | Slain by a two-headed ogre

Illustrated notes

Levels and vault maps discovered:
D:1:      dpeg_arrival_more_subterranean_lakeside_camping, layout_loops_ring,
          minivault_25, minmay_three_crescents
D:2:      layout_loops_ring, supply_closet_lemuel
D:3:      layout_basic, dilly_ecumenical_altar_fadedgnrine, eino_tiny_chamber
D:4:      layout_rooms, minmay_temple_entry_glassed_door
D:5:      lemuel_ratsnest, layout_rooms, gammafunk_ghost_gnarly_gnolls,
          serial_shops, shop, nicolae_shop_hallway_plus, st_stairs_8,
          chequers_serial_rivers_micro_d, nicolae_kite_square_tiling_tiny
D:6:      layout_cave_pools, gammafunk_ghost_hive
D:7:      wad_guarded_room, layout_cave_pools, grunt_temple_overflow_bloody_war,
          minmay_misc_feat_secret_circle
D:8:      layout_rooms, kennysheep_little_box, special_room [special_room_orc],
          uniq_maurice

Skill      XL: |  1  2  3  4  5  6  7  8  9 10 |
---------------+-------------------------------+-----
Maces & Flails | 3 5 7 |  7.8
Fighting       | 3 4 5 6 |  6.0
Short Blades   | 1 2 3 4 |  4.0
Dodging        | 3 4 5 6 7 8 |  8.0
Throwing       | 1 |  1.1
Long Blades    | 2 |  2.1
Stealth        | |  0.9

Action                   |  1- 3 |  4- 6 |  7- 9 | 10-12 || total
-------------------------+-------+-------+-------+-------++-------
Melee: Mace              |    67 |    87 |   139 |       ||   293
       Dagger            |    75 |    78 |       |       ||   153
       Punch             |       |     1 |     2 |       ||     3
       Whip              |       |       |    75 |    24 ||    99
       Kick              |       |       |    24 |    24 ||    48
       Long sword        |       |       |       |    50 ||    50
Throw: Dart              |     1 |     2 |       |       ||     3
       Boomerang         |       |       |       |     2 ||     2
Invok: Berserk           |     2 |     4 |     7 |     2 ||    15
       Trog's Hand       |       |     2 |     1 |       ||     3
       Brothers in Arms  |       |       |     2 |       ||     2
  Use: Scroll            |     4 |     2 |     2 |     3 ||    11
       Potion            |     3 |     1 |     2 |       ||     6
 Stab: Sleeping          |     1 |       |       |       ||     1
Armor: Animal skin       |   121 |    82 |   152 |    28 ||   383
Dodge: Dodged            |   175 |   114 |   179 |    68 ||   536
